 Dungeon Crawl Stone Soup version 0.32-a0-931-g5a2cda0630 (webtiles) character file.

Game seed: 14638691142760075043

29229 swap the Geomancer (level 13, -12/63 HPs)
             Began as a Gargoyle Earth Elementalist on Apr 14, 2024.
             Was an Elder of Lugonu.
             Mangled by a boulder beetle (33 damage)
             ... on level 2 of the Lair of Beasts.
             The game lasted 02:11:12 (16413 turns).

swap the Geomancer (Gargoyle Earth Elementalist)   Turns: 16413, Time: 02:11:12

Health: -12/63     AC: 26    Str: 13    XL:     13   Next: 43%
Magic:  17/36      EV: 12    Int: 20    God:    Lugonu [****..]
Gold:   631        SH:  4    Dex: 10    Spells: 18/33 levels left

rFire   . . .        m - +0 sling (heavy)
rCold   . . .        q - +0 buckler
rNeg    + . .        O - +0 steam dragon scales
rPois   ∞            L - +1 hat
rElec   +            h - +2 cloak
rCorr   .            I - +2 pair of gloves
SInv    .            V - +2 pair of boots {Fly}
Will    .....        (no amulet)
Stlth   +++          D - +4 ring of slaying
HPRegen 0.30/turn    T - ring of magical power
MPRegen 0.25/turn

%: no passive effects
@: flying
A: sickness immunity, AC +9, negative energy resistance 1, electricity
resistance, torment resistance 1, petrification resistance
a: Renounce Religion, Depart the Abyss, Banish, Corrupt


You were on level 2 of the Lair of Beasts.
You worshipped Lugonu.
Lugonu was greatly pleased with you.
You visited 3 branches of the dungeon, and saw 14 of its levels.
You visited the Abyss 1 time.
You also visited: Bailey and Gauntlet.

You collected 779 gold pieces.
You spent 148 gold pieces at shops.

Inventory:

Hand Weapons
 c - a +2 demon blade of electrocution
 m - a +0 heavy sling (weapon)
 x - the +7 staff of the Meek {protect, meekguard}
   (You found it on level 9 of the Dungeon)
 G - a +3 morningstar
 K - a +5 mace of protection
Missiles
 e - 16 poisoned darts
 l - 30 boomerangs
 r - 3 darts of dispersal
 J - 7 atropa-tipped darts
 N - 4 throwing nets
Armour
 h - a +2 cloak (worn)
 q - a +0 buckler (worn)
 I - a +2 pair of gloves (worn)
 L - a +1 hat (worn)
 O - +0 steam dragon scales (worn)
 Q - the +1 pair of gloves "Nueng" {*Corrode *Slow Int+8 SInv}
   (You found it on level 9 of the Dungeon)

   Int+8:     It affects your intelligence (+8).
   SInv:      It lets you see invisible.
   *Corrode:  It may corrode you when you take damage.
   *Slow:     It may slow you when you take damage.
 V - a +2 pair of boots of flying (worn)
Magical Staves
 j - a staff of fire
 S - a staff of cold
 Y - a staff of conjuration
 Z - a staff of earth
Jewellery
 g - a +6 ring of dexterity
 D - a +4 ring of slaying (left hand)
 T - a ring of magical power (right hand)
Wands
 p - a wand of paralysis (23)
 u - a wand of roots (23)
 H - a wand of flame (34)
 R - a wand of polymorph (4)
Scrolls
 a - a scroll of summoning
 k - 3 scrolls of fear
 o - a scroll of torment
 t - 3 scrolls of blinking
 w - a scroll of amnesia
 C - 3 scrolls of teleportation
 F - a scroll of vulnerability
 M - 3 scrolls of immolation
 U - a scroll of fog
Potions
 b - 3 potions of magic
 d - 9 potions of might
 f - 3 potions of haste
 i - 2 potions of attraction {unknown}
 n - 2 potions of mutation {unknown}
 s - a potion of ambrosia {unknown}
 v - a potion of curing
 z - 2 potions of lignification {unknown}
 A - a potion of resistance {unknown}
 B - a potion of berserk rage {unknown}
 E - 3 potions of heal wounds {unknown}
 P - 4 potions of cancellation {unknown}
Miscellaneous
 y - a phantom mirror
 W - a Gell's gravitambourine (2/2)


   Skills:
 - Level 2.0 Long Blades
 - Level 4.0 Ranged Weapons
 - Level 5.0 Armour
 + Level 7.5 Dodging
 - Level 5.0 Stealth
 - Level 4.0 Shields
 + Level 10.6 Spellcasting
 + Level 7.9 Conjurations
 * Level 5.7 Fire Magic
 - Level 10.8 Earth Magic
 + Level 5.8 Alchemy
 + Level 3.8 Invocations
 + Level 3.7 Evocations


You had 18 spell levels left.
You knew the following spells:

 Your Spells              Type           Power      Damage    Failure   Level
a - Sandblast             Erth           100%       2d20      1%          1
b - Stone Arrow           Conj/Erth      96%        3d13      1%          3
c - Passwall              Erth           52%        N/A       1%          3
d - Petrify               Alch/Erth      43%        N/A       2%          4
e - Olgreb's Toxic Radia  Alch           33%        N/A       8%          4

Your spell library contained the following spells:

 Spells                   Type           Power      Damage    Failure   Level
 Shock                    Conj/Air       100%       1d9       1%          1
 Sting                    Conj/Alch      100%       1d9       1%          1
 Brom's Barrelling Bould  Conj/Erth      48%        2d7       1%          4
 Dazzling Flash           Conj/Hex       52%        N/A       4%          3
 Ignite Poison            Fire/Alch      33%        N/A       8%          4
 Apportation              Tloc           20%        N/A       9%          1
 Necrotise                Necr           40%        1d6       9%          1
 Summon Small Mammal      Summ           40%        N/A       9%          1
 Ensorcelled Hibernation  Hex/Ice        20%        N/A       13%         2
 Jinxbite                 Hex            20%        N/A       13%         2
 Alistair's Intoxication  Alch           22%        N/A       22%         5
 Fugue of the Fallen      Necr           10%        N/A       26%         3
 Summon Ice Beast         Ice/Summ       10%        N/A       26%         3
 Swiftness                Air            10%        N/A       26%         3
 Starburst                Conj/Fire      19%        6d7       61%         6
 Freezing Cloud           Conj/Ice/Air   10%        6-21      63%         5
 Airstrike                Air            5%         2d(1-17)  65%         4
 Anguish                  Hex/Necr       5%         N/A       65%         4
 Summon Mana Viper        Hex/Summ       10%        N/A       94%         5
 Monstrous Menagerie      Summ           5%         N/A       100%        7
 Ozocubu's Refrigeration  Ice            5%         4d8       100%        7
 Discord                  Hex            5%         N/A       100%        8
 Maxwell's Capacitive Co  Air            5%         ∞         100%        8
 Cigotuvi's Dreadful Rot  Necr/Alch/Air  Unusable   N/A       N/A         2

Dungeon Overview and Level Annotations

Branches:
Dungeon (11/15)            Temple (1/1) D:5            Lair (2/5) D:11
 Shoals (0/4) Lair:2          Orc (0/2) D:11         Bailey (visited)
Gauntlet (visited)
  Snake: Lair:2-3    Spider: Lair:2-3

Altars:
Ashenzari
Cheibriados
Dithmenos
Elyvilon
Fedhas
Gozag
Hepliaklqana
Kikubaaqudgha
Makhleb
Nemelex Xobeh
Okawaru
Qazlal
Ru
Sif Muna
Trog
Uskayaw
Vehumet
Wu Jian
Xom
Yredelemnul
Zin
The Shining One
Beogh

Shops:
D:3 *   D:4 !   D:10 :

Portals:
Trove: D:10 (give 7 potions of haste)

Annotations:
D:10 fire resisance for book of dreams


Innate Abilities, Weirdness & Mutations

You are immune to sickness and miasma.
Your stone body is resilient. (AC +9)
You are immune to poison.
You resist negative energy. (rN+)
You are resistant to electric shocks. (rElec)
You are resistant to unholy torment.
You are immune to petrification.


Message History

Aim: a boulder beetle (severely wounded, 100% to hit)
The stone arrow hits the boulder beetle!!
The boulder beetle is almost dead.
The boulder beetle leaps!
Fire: m) +0 sling (heavy)
Press: ? - help, Q - select action, (/) - cycle Shift-Dir - straight line, f/p - boulder beetle
Aim: a boulder beetle (almost dead, 90% to hit)
You shoot a sling bullet. The black mamba hisses angrily.
The sling bullet hits the boulder beetle but does no damage.
The boulder beetle is almost dead.
The boulder beetle curls into a ball and begins rolling!
Aiming: Sandblast (safe; 1% risk of failure)
Press: ? - help, Q - select action, (/) - cycle Shift-Dir - straight line, f - black mamba, p - boulder beetle
Aim: a black mamba (76% to hit)
The blast of sand hits the black mamba!
The black mamba is moderately wounded.
The black mamba bites you but does no damage.
Aiming: Sandblast (safe; 1% risk of failure)
Press: ? - help, Q - select action, (/) - cycle Shift-Dir - straight line, f/p - black mamba
Aim: a black mamba (moderately wounded, 76% to hit)
The blast of sand hits the black mamba!
The black mamba is severely wounded.
You block the black mamba's attack. The black mamba closely misses you.
Aiming: Sandblast (safe; 1% risk of failure)
Press: ? - help, Q - select action, (/) - cycle Shift-Dir - straight line, f/p - black mamba
Aim: a black mamba (severely wounded, 76% to hit)
The blast of sand hits the black mamba!
The black mamba is almost dead.
The black mamba closely misses you. x2
The black mamba bites you but does no damage.
Aiming: Sandblast (safe; 1% risk of failure)
Press: ? - help, Q - select action, (/) - cycle Shift-Dir - straight line, f/p - black mamba
Aim: a black mamba (almost dead, 76% to hit)
The blast of sand hits the black mamba!
You kill the black mamba!
Lugonu accepts your kill. The boulder beetle hits you!!
Ouch! That really hurt!
You die...

#..............##
#P.............^##
#............#...
#............#.#Y
#...........##...
#...........##Y#Y
#○..........##§+.
##B°..........##Y.
#@#######..##..##.
### ##...# ##
##..### #..## ##
##.## #. ###..####
#. ##.#..#..## ##
#.>.......# #.
#.....)...# #####


You could see a boulder beetle (rolling).

Vanquished Creatures
  An orc warlord (Bailey)
  A minotaur (Gauntlet)
  A green death (Gauntlet)
  Harold (D:9)
  Erolcha (D:9)
  A hydra (Lair:2)
  A catoblepas (Lair:1)
  2 boulder beetles (Lair:1)
  Erica (D:8)
  2 death yaks (Lair:2)
  2 thrashing horrors (Gauntlet)
  A fire crab (D:11)
  A deep elf pyromancer (D:8)
  2 manticores (D:8)
  2 ugly things (D:11)
  4 black mambas
  4 cane toads
  2 orange demons (Gauntlet)
  A kobold demonologist (D:11)
  5 komodo dragons
  2 trolls (D:11)
  A polar bear (Lair:2)
  3 hornets
  8 blink frogs
  A wyvern (D:7)
  A wraith (D:9)
  2 steam dragons
  A warg (D:11)
  28 yaks
  2 vampire mosquitoes (D:11)
  3 basilisks
  6 water moccasins
  2 acid dragons (D:11)
  10 orc warriors
  An ice beast (D:4)
  7 wolves
  3 centaurs
  A phantom (D:7)
  2 ogres
  4 kobold brigands
  9 bullfrogs
  A small abomination (Gauntlet)
  A scorpion (D:6)
  12 wights
  2 howler monkeys
  A bombardier beetle (D:5)
  8 orc priests
  3 gnoll boudas
  3 hounds
  A jelly (D:6)
  Jessica (D:2)
  2 iguanas
  12 orc wizards
  2 human simulacra (D:10)
  22 gnolls
  5 adders
  4 river rats (D:4)
  2 ufetubi (D:6)
  5 dart slugs
  5 ribbon worms
  50 orcs
  6 bats
  6 endoplasms
  4 giant cockroaches
  7 goblins
  8 hobgoblins
  6 jackals
  30 kobolds
  4 quokkas
  5 ball pythons
  3 frilled lizards
  11 rats
365 creatures vanquished.

Vanquished Creatures (collateral kills)
  A small abomination (Gauntlet)
1 creature vanquished.

Grand Total: 366 creatures vanquished

Notes
Turn   | Place    | Note
-------+----------+-------------------------------------------
     0 | D:1      | swap the Gargoyle Earth Elementalist began the quest for
                  | the Orb.
     0 | D:1      | Reached XP level 1. HP: 10/10 MP: 3/3
   145 | D:1      | Reached XP level 2. HP: 15/15 MP: 3/5
   540 | D:1      | Reached XP level 3. HP: 19/19 MP: 4/6
   799 | D:1      | Learned a level 3 spell: Stone Arrow
   803 | D:1      | Learned a level 3 spell: Passwall
   860 | D:2      | Noticed Jessica
   862 | D:2      | Killed Jessica
   863 | D:2      | Reached XP level 4. HP: 24/24 MP: 5/8
  1227 | D:2      | Found a stormy altar of Qazlal.
  2049 | D:3      | Reached XP level 5. HP: 28/28 MP: 6/9
  2135 | D:3      | Found Cukesa's General Store.
  2140 | D:3      | Bought a wand of roots (4) for 96 gold pieces
  2690 | D:4      | Noticed an ice beast
  2697 | D:4      | Killed an ice beast
  2698 | D:4      | Reached skill level 1 in Armour
  2698 | D:4      | Reached skill level 5 in Earth Magic
  2773 | D:4      | Reached XP level 6. HP: 26/32 MP: 7/11
  3003 | D:4      | Reached skill level 1 in Evocations
  3156 | D:4      | Reached XP level 7. HP: 36/36 MP: 8/13
  3798 | D:4      | Found Fuveor Ibbul's Distillery.
  3802 | D:4      | Bought a potion of degeneration for 13 gold pieces
  3802 | D:4      | Bought a potion of curing for 39 gold pieces
  3981 | D:5      | Entered Level 5 of the Dungeon
  4088 | D:5      | Reached skill level 1 in Shields
  4326 | D:5      | Reached XP level 8. HP: 37/41 MP: 13/15
  4575 | D:5      | Reached skill level 5 in Spellcasting
  4827 | D:5      | Found a staircase to the Ecumenical Temple.
  4832 | Temple   | Entered the Ecumenical Temple
  4899 | Temple   | Became a worshipper of Vehumet
  5594 | D:6      | You fall into a shaft and drop 1 floor!
  5656 | D:6      | Reached XP level 9. HP: 45/45 MP: 13/17
  6082 | D:7      | Found a hazy altar of Hepliaklqana.
  6083 | D:7      | Found a white marble altar of Elyvilon.
  6177 | D:7      | Reached skill level 5 in Conjurations
  6195 | D:7      | Paralysed by an orc for 3 turns
  6851 | D:8      | Reached * piety under Vehumet
  6851 | D:8      | Offered knowledge of Shock by Vehumet.
  6956 | D:8      | Noticed Erica
  6964 | D:8      | Killed Erica
  6965 | D:8      | Reached skill level 1 in Ranged Weapons
  7021 | D:8      | Noticed a hornet
  7026 | D:8      | Reached XP level 10. HP: 50/50 MP: 18/20
  7047 | D:8      | Reached skill level 5 in Armour
  7297 | D:8      | Noticed a deep elf pyromancer
  7302 | D:8      | Killed a deep elf pyromancer
  7380 | D:8      | Noticed a manticore
  7387 | D:8      | Killed a manticore
  7388 | D:8      | Reached skill level 5 in Dodging
  7510 | D:8      | Noticed a manticore
  7515 | D:8      | Killed a manticore
  7753 | D:8      | Learned a level 4 spell: Petrify
  7785 | D:9      | Noticed Harold
  7792 | D:9      | Killed Harold
  7793 | D:9      | Reached skill level 1 in Alchemy
  7849 | D:9      | Found a flagged portal.
  7858 | Bailey   | Entered a bailey
  7882 | Bailey   | Noticed an orc warlord
  7927 | Bailey   | Offered knowledge of Searing Ray by Vehumet.
  7947 | Bailey   | Reached ** piety under Vehumet
  8020 | Bailey   | Reached XP level 11. HP: 54/54 MP: 16/23
  8033 | Bailey   | Found a runed translucent gate.
  8047 | Bailey   | Found a runed translucent gate.
  8048 | Bailey   | Found a runed translucent gate.
  8399 | Bailey   | Killed an orc warlord
  8438 | D:9      | Acquired a +1 demon blade of electrocution
  9247 | D:9      | Offered knowledge of Inner Flame by Vehumet.
  9366 | D:9      | Found a roughly hewn altar of Beogh.
  9366 | D:9      | Found the +7 staff of the Meek {protect, meekguard}
  9413 | D:9      | Reached skill level 1 in Long Blades
  9488 | D:9      | Noticed Erolcha
  9514 | Abyss:2  | Cast into level 2 of the Abyss (Erolcha)
  9520 | Abyss:2  | Noticed a deep elf demonologist
  9520 | Abyss:2  | Found a corrupted altar of Lugonu.
  9525 | Abyss:2  | Noticed a large abomination
  9526 | Abyss:2  | Fell from the grace of Vehumet
  9526 | Abyss:2  | Became a worshipper of Lugonu the Unformed
  9526 | Abyss:2  | Reached * piety under Lugonu
  9526 | Abyss:2  | Reached ** piety under Lugonu
  9527 | D:9      | Escaped the Abyss
  9536 | D:9      | Killed Erolcha
 10245 | D:9      | Identified the +1 pair of gloves "Nueng" {*Corrode *Slow
                  | Int+8 SInv}
 10326 | D:10     | Entered Level 10 of the Dungeon
 10326 | D:10     | Found Gikauku's Book Boutique.
 10576 | D:10     | Found a portal to a secret trove of treasure.
 10623 | D:10     | Found a snail-covered altar of Cheibriados.
 10778 | D:10     | Found a stormy altar of Qazlal.
 10873 | D:10     | Found an opulent altar of Gozag.
 11096 | D:11     | Noticed a green ugly thing
 11108 | D:11     | Found a gate leading to a gauntlet.
 11113 | Gauntlet | Entered a Gauntlet
 11113 | Gauntlet | Found a transporter.
 11113 | Gauntlet | Found a transporter.
 11115 | Gauntlet | Noticed a soul eater
 11117 | Gauntlet | Found a transporter.
 11117 | Gauntlet | Found a transporter.
 11120 | Gauntlet | Found a transporter.
 11158 | Gauntlet | Noticed a green death
 11161 | Gauntlet | Found a transporter.
 11163 | Gauntlet | Found a transporter.
 11163 | Gauntlet | Found a transporter.
 11165 | Gauntlet | Noticed a hell hog
 11170 | Gauntlet | Noticed a hell beast
 11175 | Gauntlet | Found a transporter.
 11191 | Gauntlet | Found a transporter.
 11203 | Gauntlet | Noticed a thrashing horror
 11223 | Gauntlet | Found a transporter.
 11226 | Gauntlet | Noticed a thrashing horror
 11238 | Gauntlet | Found a transporter.
 11258 | Gauntlet | Found a transporter.
 11271 | Gauntlet | Found a transporter.
 11357 | Gauntlet | Killed a green death
 11358 | Gauntlet | Reached skill level 1 in Invocations
 11574 | Gauntlet | Killed a thrashing horror
 11575 | Gauntlet | Reached skill level 5 in Stealth
 11592 | Gauntlet | Killed a thrashing horror
 11593 | Gauntlet | Reached XP level 12. HP: 7/59 MP: 18/25
 11860 | Gauntlet | Noticed a minotaur
 11873 | Gauntlet | Killed a minotaur
 11875 | Gauntlet | Identified the +7 battleaxe "Plog" {heavy, *Noise rElec
                  | MP+9 Stlth+}
 12068 | D:11     | Found a staircase to the Lair.
 12500 | D:11     | Found a staircase to the Orcish Mines.
 12508 | D:11     | Reached skill level 5 in Alchemy
 13196 | D:11     | Reached *** piety under Lugonu
 13472 | D:11     | Reached skill level 10 in Earth Magic
 13758 | Lair:1   | Entered Level 1 of the Lair of Beasts
 13759 | Lair:1   | Noticed a catoblepas
 13772 | Lair:1   | Killed a catoblepas
 13773 | Lair:1   | Reached skill level 1 in Fire Magic
 13980 | Lair:1   | Reached skill level 10 in Spellcasting
 14379 | Lair:1   | Was forgiven by Vehumet
 14380 | Lair:1   | Noticed a boulder beetle
 14389 | Lair:1   | Killed a boulder beetle
 14550 | Lair:1   | Reached XP level 13. HP: 53/63 MP: 27/27
 15137 | Lair:1   | Learned a level 4 spell: Olgreb's Toxic Radiance
 15361 | Lair:2   | Reached skill level 5 in Fire Magic
 15607 | Lair:2   | HP: 1/63 [death yak (14)]
 15920 | Lair:2   | Reached **** piety under Lugonu
 16306 | Lair:2   | Found a staircase to the Shoals.
 16413 | Lair:2   | Mangled by a boulder beetle

Illustrated notes

Levels and vault maps discovered:
D:1:      zelgadis_glass_arrival_small, layout_rooms
D:2:      layout_basic, basic_altar, uniq_jessica
D:3:      layout_loops_ring, serial_shops, nicolae_shop_pleasant_corner_grove,
          serial_aquarium, aquarium_bridge_island_small
          [aquarium_subvault_small_open, aquarium_subvault_balcony,
          aquarium_subvault_window, aquarium_subvault_window,
          aquarium_subvault_bridge], aquarium_bridge_square
          [aquarium_subvault_bridge, aquarium_subvault_window,
          aquarium_subvault_bridge, aquarium_subvault_balcony],
          aquarium_window_2, aquarium_window_double, aquarium_window_1,
          aquarium_view_2d, aquarium_pool_corner
D:4:      layout_basic, serial_shops, nicolae_shop_back_alley_shop,
          lightli_sewer_entry_pipes, minmay_statues_item
D:5:      layout_basic, temple_doors_e
D:6:      layout_loops_ring
D:7:      layout_basic, nicolae_overflow_hidden_temple
D:8:      layout_basic, kb_rosetta, uniq_erica
D:9:      layout_loops_corners, enter_bailey_8, grunt_ministairs_8,
          pf_guarded_unrand_meek, uniq_erolcha, uniq_harold
D:10:     layout_cave_pools, kennysheep_slug_shrine, mainiacjoe_overflow_swirl,
          nicolae_trove_entry_columns, serial_shops, shop, bh_circular_ruins
D:11:     layout_basic, minmay_lair_entry_lava, minmay_orc_entry_guard_dogs,
          gauntlet_entry_generic
Temple:   bh_familiar_temple
Lair:1:   layout_loops_ring
Lair:2:   layout_roguey, shoals_dummy_entry

Skill      XL: |  1  2  3  4  5  6  7  8  9 10 11 12 13 |
---------------+----------------------------------------+-----
Earth Magic    | 4 5 6 7 8 9 10 | 10.8
Dodging        | 2 3 4 5 6 7 |  7.5
Spellcasting   | 3 4 5 6 8 9 10 | 10.6
Armour         | 1 2 3 4 5 |  5.0
Stealth        | 3 5 |  5.0
Evocations     | 1 2 3 |  3.7
Shields        | 1 3 4 |  4.0
Conjurations   | 2 4 6 7 |  7.9
Ranged Weapons | 1 2 3 4 |  4.0
Alchemy        | 1 4 5 |  5.8
Long Blades    | 2 |  2.0
Invocations    | 1 3 |  3.8
Fire Magic     | 4 5 |  5.7

Action                     |  1- 3 |  4- 6 |  7- 9 | 10-12 | 13-15 || total
---------------------------+-------+-------+-------+-------+-------++-------
  Melee: Short sword       |     9 |     1 |       |       |       ||    10
         Demon blade       |       |       |       |     3 |       ||     3
         Quarterstaff      |       |       |       |     2 |       ||     2
         Staff             |       |       |       |     7 |       ||     7
   Fire: Sling             |       |    48 |    96 |    71 |    15 ||   230
  Throw: Throwing net      |       |       |       |     2 |       ||     2
         Boomerang         |       |       |       |     2 |       ||     2
   Cast: Sandblast         |    40 |    68 |   181 |   330 |    83 ||   702
         Stone Arrow       |       |       |       |   101 |    41 ||   142
         Petrify           |       |       |       |       |     1 ||     1
 Invoke: Depart the Abyss  |       |       |       |     1 |       ||     1
  Evoke: Wand              |       |       |       |     2 |       ||     2
    Use: Scroll            |       |     5 |     3 |     9 |     4 ||    21
         Potion            |       |       |       |     3 |     1 ||     4
 Armour: Robe              |    12 |    16 |    12 |       |       ||    40
         Leather armour    |       |       |    46 |    20 |       ||    66
         Steam dragon scal |       |       |       |   205 |    72 ||   277
  Dodge: Dodged            |    16 |    21 |    46 |   184 |    51 ||   318
  Block: Buckler           |       |     5 |    20 |    55 |    19 ||    99

Table legend: (Time is in decaauts)
 A = Elapsed time spent in this place.
 B = Non-inter-level travel time spent in this place.
 C = Inter-level travel time spent in this place.
 D = Time resting spent in this place.
 E = Time spent auto-exploring this place.
 F = Levels seen in this place.
 G = Mean time per level.
                   A        B        C        D        E       F      G
               +--------+--------+--------+--------+--------+-----+--------+
         Total |  16928 |  16451 |    477 |   4368 |   7047 |  17 |  995.8 |
       Dungeon |  12549 |  12168 |    381 |   2364 |   6325 |  11 | 1140.8 |
        Temple |    103 |     32 |     71 |      0 |      0 |   1 |  103.0 |
          Lair |   2742 |   2717 |     25 |   1275 |    722 |   2 | 1371.0 |
         Abyss |     12 |     12 |      0 |      0 |      0 |   1 |   12.0 |
        Bailey |    592 |    592 |      0 |    206 |      0 |   1 |  592.0 |
      Gauntlet |    927 |    927 |      0 |    522 |      0 |   1 |  927.0 |
               +--------+--------+--------+--------+--------+-----+--------+

Top non-repeatable levels by time:
    D:11: 1849 daAuts
     D:9: 1834 daAuts
  Lair:1: 1583 daAuts
     D:4: 1407 daAuts
     D:8: 1309 daAuts
     D:5: 1175 daAuts
  Lair:2: 1158 daAuts
     D:2: 1064 daAuts
Gauntlet: 927 daAuts
     D:3: 857 daAuts
     D:1: 819 daAuts
     D:6: 782 daAuts
    D:10: 726 daAuts
     D:7: 722 daAuts
  Bailey: 592 daAuts
